 Dungeon Crawl Stone Soup version 0.31.0-32-g396128a36d (webtiles) character file.

Game seed: 5768723834247667869

630 Triskaidekaphobic the Caller (level 7, -1/55 HPs)
             Began as a Demonspawn Summoner on Apr 7, 2024.
             Slain by a gnoll sergeant
             ... wielding a +0 spear
              (7 damage)
             ... on level 4 of the Dungeon.
             The game lasted 00:09:42 (6117 turns).

Triskaidekaphobic the Caller (Demonspawn Summoner)  Turns: 6117, Time: 00:09:42

Health: -1/55      AC:  5    Str:  9    XL:     7   Next: 24%
Magic:  6/10       EV: 10    Int: 17    God:
Gold:   201        SH:  0    Dex: 15    Spells: 4/10 levels left

rFire   . . .        t - +3 dagger (venom)
rCold   . . .        (no shield)
rNeg    . . .        d - +0 ring mail
rPois   .            (no helmet)
rElec   .            (no cloak)
rCorr   .            (no gloves)
SInv    .            (no boots)
Will    .....        (no amulet)
Stlth   +++          (no ring)
HPRegen 0.29/turn    (no ring)
MPRegen 0.12/turn

%: no passive effects
@: inugami summoned
A: claws 1, thin skeletal structure 1, demonic magic 2
a: no special abilities


You were on level 4 of the Dungeon.
You visited 1 branch of the dungeon, and saw 5 of its levels.
You also visited: Sewer.

You collected 201 gold pieces.


Innate Abilities, Weirdness & Mutations

You have sharp fingernails.
You have a somewhat thin skeletal structure. (Dex +2, Stealth+)
Spells you cast may paralyse nearby enemies.


   Skills:
 * Level 4.9 Fighting
 - Level 1.1 Short Blades
 - Level 1.7 Dodging
 + Level 3.5 Stealth
 + Level 0.6 Unarmed Combat
 - Level 2.0 Spellcasting
 + Level 6.1 Summonings


You had 4 spell levels left.
You knew the following spells:

 Your Spells              Type           Power      Damage    Failure   Level
c - Call Imp              Summ           44%        N/A       7%          2
f - Call Canine Familiar  Summ           22%        N/A       13%         3
z - Summon Small Mammal   Summ           88%        N/A       4%          1

Your spell library contained the following spells:

 Spells                   Type           Power      Damage    Failure   Level
 Apportation              Tloc           2%         N/A       47%         1
 Jinxbite                 Hex            2%         N/A       63%         2
 Summon Blazeheart Golem  Fire/Summ      12%        N/A       83%         4
 Summon Lightning Spire   Summ/Air       12%        N/A       83%         4
 Alistair's Intoxication  Alch           0%         N/A       100%        5

Inventory:

Hand Weapons
 f - a +0 short sword
 q - a +1 dagger of venom
 t - a +3 dagger of venom (weapon)
Armour
 a - a +0 robe
 d - a +0 ring mail (worn)
Magical Staves
 m - a staff of conjuration {!a}
Jewellery
 c - a ring of ice
 C - a ring of ice
Scrolls
 e - 2 scrolls of brand weapon {unknown}
 k - a scroll of immolation {unknown}
 l - 2 scrolls of vulnerability {unknown}
 n - a scroll of identify {unknown}
 o - a scroll of blinking {unknown}
Potions
 b - a potion of magic
 g - a potion of berserk rage {unknown}
 h - a potion of lignification {unknown}
 i - 3 potions of curing {@q1}
 j - 2 potions of attraction {unknown}
 p - a potion of brilliance {unknown}
 r - 2 potions of enlightenment
 s - a potion of heal wounds {@q2}

Dungeon Overview and Level Annotations

Branches:
Dungeon (5/15)              Sewer (visited)
 Temple: D:4-7

Altars:
Kikubaaqudgha

Shops:
D:2 *

Annotations:
D:2 1 runed translucent door, Crazy Yiuf
D:5 Dowan, Duvessa, Prince Ribbit

#.## ###############...
###.................
##...#############..# #..###
#..#
########.################..#
#........5h)...............#
#.#####>.gg.........######.#
##'## #####@###......# #.#
#...# #.# #......#####.#
#...# #.###.............
#...# #..##.............
#...# ##.######'#.......
#...# #....# #.#.......
#...# ####.###.#.......
#...# #..##.#....... #...#
##.##.#.......


You could see a gnoll sergeant (ally target), a gnoll (very poisoned, ally
target), a friendly cerulean imp (summoned) and a friendly inugami (summoned).


Message History

Confirm with . or Enter, or press ? or * to list all spells.
A tiny devil pulls itself out of the air.
Malevolent energies surge around you. The gnoll misses you.
The gnoll sergeant hits you with a +0 spear!
* * * LOW HITPOINT WARNING * * *
Unknown command.
The gnoll sergeant hits you with a +0 spear.
* * * LOW HITPOINT WARNING * * *
Your cerulean imp hits the gnoll sergeant from afar with a -2 spear.
The gnoll sergeant hits you from afar with a +0 spear!
* * * LOW HITPOINT WARNING * * *
The gnoll sergeant blocks your cerulean imp's attack.
Casting: Call Imp (safe; 7% risk of failure)
Confirm with . or Enter, or press ? or * to list all spells.
You call for your canine familiar and it appears with a howl!
Malevolent energies surge around you.
The gnoll suddenly stops moving!
The gnoll sergeant hits you from afar with a +0 spear!
* * * LOW HITPOINT WARNING * * *
Your cerulean imp hits the gnoll sergeant but does no damage.
The gnoll sergeant hits your cerulean imp from afar with a +0 spear.
The gnoll sergeant blocks your cerulean imp's attack.
The gnoll is no longer paralysed.
Your inugami closely misses the gnoll.
Your cerulean imp hits the gnoll sergeant with a -2 spear.
Your inugami completely misses the gnoll.
Your cerulean imp barely misses the gnoll sergeant.
You hit the gnoll.
The gnoll is poisoned.
The gnoll is moderately wounded.
The gnoll closely misses you.
The gnoll sergeant hits you from afar with a +0 spear!
You die...

Skill      XL: |  1  2  3  4  5  6 |
---------------+-------------------+-----
Fighting       | 1 2 3 4 |  4.9
Summonings     | 5 6 |  6.1
Stealth        | 3 |  3.5
Short Blades   | 1 |  1.1
Dodging        | |  1.7
Unarmed Combat | |  0.6
Spellcasting   | |  2.0

Action                     |  1- 3 |  4- 6 |  7- 9 || total
---------------------------+-------+-------+-------++-------
  Melee: Unarmed           |    11 |       |       ||    11
         Short sword       |    45 |   108 |       ||   153
         Punch             |       |     1 |     1 ||     2
         Dagger            |       |    47 |     9 ||    56
   Cast: Summon Small Mamm |    29 |    11 |       ||    40
         Call Imp          |       |    13 |     3 ||    16
         Call Canine Famil |       |     4 |     2 ||     6
   Stab: Sleeping          |     3 |     3 |       ||     6
         Paralysed         |       |    10 |       ||    10
         Distracted        |       |     2 |       ||     2
 Armour: Robe              |     7 |       |       ||     7
         Ring mail         |    23 |   129 |    22 ||   174
  Dodge: Dodged            |    43 |   103 |     8 ||   154

Levels and vault maps discovered:
D:1:      reono_arrival_forest_river, layout_basic
D:2:      layout_basic, shapermc_ecumenical_altar_venn, serial_shops, shop,
          uniq_crazy_yiuf_cottage, uniq_jessica
D:3:      layout_basic, general_overflow_altar, minmay_tree_intersection
D:4:      layout_basic, gup_sewer_entry_glass, hangedman_decor_opposing
D:5:      layout_cave_pools, st_stairs_14, uniq_sigmund, uniq_duvessa,
          uniq_grinder, uniq_prince_ribbit1

Notes
Turn   | Place    | Note
-------+----------+-------------------------------------------
     0 | D:1      | Triskaidekaphobic the Demonspawn Summoner began the quest
                  | for the Orb.
     0 | D:1      | Reached XP level 1. HP: 13/13 MP: 3/3
   216 | D:1      | Reached skill level 1 in Fighting
   381 | D:1      | Gained mutation: You have a somewhat thin skeletal
                  | structure. (Dex +2, Stealth+) [demonic ancestry]
   381 | D:1      | Reached XP level 2. HP: 20/22 MP: 0/5
   805 | D:1      | Reached skill level 2 in Fighting
  1374 | D:2      | Reached XP level 3. HP: 27/27 MP: 3/6
  1407 | D:2      | Found a faded altar of an unknown god.
  1527 | D:2      | Found Meeredeh's General Store.
  1606 | D:2      | Noticed Jessica
  1615 | D:2      | Killed Jessica
  1616 | D:2      | Reached skill level 5 in Summonings
  1616 | D:2      | Gained mutation: Spells you cast may paralyse adjacent
                  | enemies. [demonic ancestry]
  1616 | D:2      | Reached XP level 4. HP: 30/33 MP: 4/7
  1619 | D:2      | Learned a level 2 spell: Call Imp
  1824 | D:2      | Found a runed translucent door.
  1825 | D:2      | Noticed Crazy Yiuf
  2245 | D:3      | Found an ancient bone altar of Kikubaaqudgha.
  2984 | D:4      | Found a glowing drain.
  3006 | D:4      | Gained mutation: Spells you cast may paralyse nearby
                  | enemies. [demonic ancestry]
  3006 | D:4      | Reached XP level 5. HP: 28/38 MP: 4/8
  3012 | Sewer    | Entered a sewer
  3031 | Sewer    | Reached skill level 6 in Summonings
  3335 | Sewer    | Reached skill level 3 in Fighting
  3335 | Sewer    | Reached skill level 2 in Stealth
  3341 | Sewer    | Reached skill level 3 in Stealth
  3341 | Sewer    | Reached XP level 6. HP: 11/47 MP: 4/9
  3924 | D:4      | Reached skill level 4 in Fighting
  3928 | D:4      | Learned a level 3 spell: Call Canine Familiar
  5281 | D:4      | Reached skill level 1 in Short Blades
  5281 | D:4      | Gained mutation: You have sharp fingernails. [demonic
                  | ancestry]
  5281 | D:4      | Reached XP level 7. HP: 30/55 MP: 5/10
  5809 | D:5      | Entered Level 5 of the Dungeon
  5809 | D:5      | Noticed Dowan
  5811 | D:5      | Noticed Duvessa
  6107 | D:5      | Noticed Prince Ribbit
  6113 | D:4      | HP: 5/55 [gnoll sergeant/+0 spear (10)]
  6117 | D:4      | Slain by a gnoll sergeant

Vanquished Creatures
  An ogre (D:4)
  A kobold brigand (Sewer)
  A scorpion (D:4)
  A howler monkey (D:4)
  A bombardier beetle (D:4)
  2 adders (D:4)
  A river rat (Sewer)
  A dart slug (D:2)
  An endoplasm (D:4)
  A giant cockroach (D:4)
  5 goblins
  4 hobgoblins
  A jackal (Sewer)
  A quokka (D:3)
  5 ball pythons
  4 bats
  3 frilled lizards
  4 kobolds
  8 rats
46 creatures vanquished.

Vanquished Creatures (collateral kills)
  A water moccasin (D:4)
  A kobold brigand (Sewer)
  Jessica (D:2)
  6 adders
  2 ball pythons (D:1)
  2 bats
  An endoplasm (D:1)
  3 giant cockroaches (D:4)
  4 goblins
  2 hobgoblins
  A jackal (Sewer)
  2 quokkas (D:1)
  A frilled lizard (D:2)
  4 kobolds
  4 rats
35 creatures vanquished.

Grand Total: 81 creatures vanquished

Table legend: (Time is in decaauts)
 A = Elapsed time spent in this place.
 B = Non-inter-level travel time spent in this place.
 C = Inter-level travel time spent in this place.
 D = Time resting spent in this place.
 E = Time spent auto-exploring this place.
 F = Levels seen in this place.
 G = Mean time per level.
                   A        B        C        D        E       F      G
               +--------+--------+--------+--------+--------+-----+--------+
         Total |   6177 |   5950 |    227 |   1011 |   4071 |   6 | 1029.5 |
       Dungeon |   5557 |   5330 |    227 |    686 |   3934 |   5 | 1111.4 |
         Sewer |    620 |    620 |      0 |    325 |    137 |   1 |  620.0 |
               +--------+--------+--------+--------+--------+-----+--------+

Top non-repeatable levels by time:
     D:4: 2548 daAuts
     D:1: 1328 daAuts
     D:3: 994 daAuts
     D:2: 675 daAuts
   Sewer: 620 daAuts
     D:5: 11 daAuts

Table legend:
 A = Non-vault XP
 B = Vault XP
 C = Vault XP percentage of total XP
 D = Non-vault monster count
 E = Vault monster count
 F = Vault count percentage of total count
                 A         B        C        D         E       F
            +---------+---------+-------+---------+---------+-------
      Total |     600 |     300 |  33.3 |      62 |      19 |  23.5
            +---------+---------+-------+---------+---------+-------
        D:1 |      24 |       0 |   0.0 |      16 |       0 |   0.0
        D:2 |      80 |      37 |  31.6 |      21 |       1 |   4.5
        D:3 |      14 |       0 |   0.0 |       9 |       0 |   0.0
        D:4 |     482 |      45 |   8.5 |      16 |       6 |  27.3
      Sewer |       0 |     218 | 100.0 |       0 |      12 | 100.0
            +---------+---------+-------+---------+---------+-------
